 Dungeon Crawl Stone Soup version 0.23.2-40-g277498a001 (webtiles) character file.

Game seed: 15311671674201397069

40138 Glamhuggeren the Cruncher (level 13, 0/94 HPs)
             Began as a Demonspawn Gladiator on Oct 8, 2019.
             Was a High Priest of Okawaru.
             Slain by a skeletal warrior
             ... wielding a +2 glaive of distortion
             ... led by a skeletal warrior
              (20 damage)
             ... on level 14 of the Dungeon.
             The game lasted 01:51:28 (14981 turns).

Glamhuggeren the Cruncher (Demonspawn Gladiator)   Turns: 14981, Time: 01:51:29

Health: 0/94       AC: 22    Str: 27    XL:     13   Next: 73%
Magic:  0/19       EV: 20    Int: 19    God:    Okawaru [*****.]
Gold:   3848       SH:  0    Dex: 28    Spells: 12/12 levels left

rFire    + + .     SeeInvis .   a - +12 lajatang of the Vestibule of Hell {vamp, rF+ Dex+10}
rCold    + . .     Gourm    .   (shield currently unavailable)
rNeg     . . .     Faith    .   e - +0 acid dragon scales
rPois    +         Spirit   +   u - +2 helmet
rElec    .         Reflect  .   p - +1 cloak of Nangohu {Str+3 Dex+3}
rCorr    +         Harm     .   y - +2 pair of gloves "Ehyep" {*Drain +Fly rPois Str+3}
MR       .....     Clarity  +   (no boots)
Stlth    +++.......             C - amulet of guardian spirit
HPRegen  0.25/turn              x - +3 ring of strength
MPRegen  0.16/turn              s - +6 ring of intelligence

@: heroism, finesse
A: talons 2, iridescent scales 2, clarity, clever 1, cold resistance 1, fire
resistance 1, spiny 1, freezing cloud immunity
a: Heroism, Finesse, Renounce Religion, Evoke Flight


You were on level 14 of the Dungeon.
You worshipped Okawaru.
Okawaru was extremely pleased with you.
You were not hungry.

You visited 2 branches of the dungeon, and saw 15 of its levels.
You also visited: Ossuary and Gauntlet.

You collected 3848 gold pieces.

Inventory:

Hand Weapons
 a - the +12 lajatang of the Vestibule of Hell (weapon) {vamp, rF+ Dex+10}
   (You found it on level 9 of the Dungeon)

   It inflicts no extra harm, but heals its wielder when it wounds a living foe.
   It affects your dexterity (+10).
   It protects you from fire.
 b - the +6 longbow "Inoschiv" {velocity, Int+4}
   (Okawaru gifted it to you on level 9 of the Dungeon)

   Any arrow fired from it inflicts extra damage.
   It affects your intelligence (+4).
 J - the +7 great mace "Firestarter" {inner flame, rF++}
   (Okawaru gifted it to you on level 12 of the Dungeon)

   It has been specially enchanted to burn those struck by it, causing extra
   injury to most foes and up to half again as much damage against particularly
   susceptible opponents.
   It greatly protects you from fire.
 S - the cursed +0 falchion "Doank" {freeze, rC- MR++ Str+9 Int-2}
   (You found it on level 9 of the Dungeon)

   It has been specially enchanted to freeze those struck by it, causing extra
   injury to most foes and up to half again as much damage against particularly
   susceptible opponents.
   It can also slow down cold-blooded creatures.
   It affects your strength (+9).
   It affects your intelligence (-2).
   It makes you vulnerable to cold.
   It affects your resistance to hostile enchantments.
   It has a curse placed upon it.
Missiles
 d - 3 throwing nets
 g - 301 stones
 h - 114 arrows
 o - 4 poisoned javelins
 z - 3 tomahawks
 T - 14 javelins of returning (quivered)
 V - 5 silver tomahawks
Armour
 e - +0 acid dragon scales (worn)
 p - the +1 cloak of Nangohu (worn) {Str+3 Dex+3}
   (You found it on level 13 of the Dungeon)

   It affects your strength (+3).
   It affects your dexterity (+3).
 t - a +1 pair of gloves of dexterity
 u - a +2 helmet (worn)
 y - the +2 pair of gloves "Ehyep" (worn) {*Drain +Fly rPois Str+3}
   (Okawaru gifted it to you on level 13 of the Dungeon)

   It affects your strength (+3).
   It protects you from poison.
   It lets you fly.
   It causes draining when unequipped.
 M - a +2 pair of gloves of archery
 O - the +0 buckler "Mutaileh" {+Inv Regen+ Dex+4}
   (You found it on level 12 of the Dungeon)

   It affects your dexterity (+4).
   It lets you turn invisible.
   It increases your rate of regeneration.
Jewellery
 s - a +6 ring of intelligence (right hand)
 x - a +3 ring of strength (left hand)
 C - an amulet of guardian spirit (around neck)
Wands
 c - a wand of digging (6)
 A - a wand of polymorph (8)
 F - a wand of iceblast (6)
 K - a wand of paralysis (28)
 X - a wand of acid (11)
Scrolls
 j - 4 scrolls of magic mapping
 l - 8 scrolls of teleportation
 m - 9 scrolls of enchant weapon
 n - a scroll of blinking
 q - a scroll of torment {unknown}
 r - 2 scrolls of fear
 v - 2 scrolls of identify
 w - 10 scrolls of remove curse
 L - a scroll of brand weapon
 Q - a scroll of fog
Potions
 k - a potion of magic {unknown}
 E - 6 potions of brilliance
 G - a potion of curing
 N - a potion of invisibility
 U - a potion of might
Miscellaneous
 Y - a lamp of fire
 Z - a lamp of fire
Comestibles
 f - 29 rations
 i - 2 chunks of flesh


   Skills:
 + Level 6.5(11.5) Fighting
 - Level 10.7(17.5) Maces & Flails
   Level 10.3(17.2) Polearms
 - Level 11.0(19.0) Staves
 * Level 8.0(13.0) Bows
 - Level 2.0(7.0) Throwing
 - Level 5.0(10.0) Armour
 - Level 3.0(8.0) Dodging
 - Level 8.0 Invocations


You had 12 spell levels left.
You didn't know any spells.
Your spell library contained the following spells:

 Spells                   Type           Power        Failure   Level  Hunger
 Flame Tongue             Conj/Fire      #....        24%         1    ##.....
 Sticks to Snakes         Tmut           #.......     34%         2    ###....
 Throw Flame              Conj/Fire      #.....       34%         2    ###....
 Conjure Flame            Conj/Fire      #.......     56%         3    ####...
 Inner Flame              Hex/Fire       #.......     56%         3    ####...
 Vampiric Draining        Necr           #.........   56%         3    ####...
 Animate Dead             Necr           N/A          93%         4    #####..
 Sticky Flame             Conj/Fire      #.......     93%         4    #####..
 Excruciating Wounds      Chrm/Necr      #.........   100%        5    ######.
 Fireball                 Conj/Fire      #.........   100%        5    ######.
 Death Channel            Necr           #.........   100%        6    #######


Dungeon Overview and Level Annotations

Branches:
Dungeon (14/15)            Temple (1/1) D:6            Lair (0/6) D:11
    Orc (0/2) D:10         Vaults (0/5) D:14

Altars:
Ashenzari
Cheibriados
Dithmenos
Elyvilon
Fedhas
Gozag
Hepliaklqana
Kikubaaqudgha
Makhleb
Nemelex Xobeh
Okawaru
Qazlal
Ru
Sif Muna
Trog
Uskayaw
Vehumet
Wu Jian
Xom
Yredelemnul
Zin
The Shining One

Shops:
D:4 :   D:8 *   D:10 %


Innate Abilities, Weirdness & Mutations

You have razor-sharp toenails.
You are mostly covered in iridescent scales. (AC +4)
Your flesh is cold resistant. (rC+)
You are partially covered in sharp spines.
You are immune to freezing clouds.
You possess an exceptional clarity of mind.
Your mind is acute. (Int +2)
Your flesh is heat resistant. (rF+)


Message History

The skeletal warrior is moderately damaged.
The skeletal warrior barely misses you.
You slash the skeletal warrior! You claw the skeletal warrior.
The skeletal warrior is severely damaged.
Okay, then.
Press: ? - help, v - describe, . - travel, g - get item
Here: a skeletal warrior, wielding a +0 trident and wearing a +2 buckler (severely damaged)
A javelin of returning.
There is something else lying underneath.
The floor, spattered with blood.
Okay, then.
Unknown command.
You open the skeletal warrior like a pillowcase!!!
You destroy the skeletal warrior!
Okawaru accepts your kill.
Your base Bows skill increases to level 8!
The skeletal warrior hits you with a +2 glaive of distortion!!
* * * LOW HITPOINT WARNING * * *
Space warps horribly around you!!
You die...

# #####.............#....... #
#...........##..... #
#.###.#####.# .##.# # #.# #.#
#.##.# .##.. # #.# #.#
#.##.##..... # #.# #.#
#.##.#..... # #.# #.#
#.##...#... # #.# #.# #)##.#..#
#..# # #.# #.#####@##...## #....
# #.# #...(..z...../###.#..# #.#
#######.#......#..<..#
#.########..........# #..###
#.............$.....# #.....
###.#######.###^....#...####...#
^....# #.# ##.#..$...(.[)...#
###..# ...###.#........##...#
..#..............##...#


You could see a skeletal warrior.

Vanquished Creatures
  Gastronok (D:8)
  A minotaur (Gauntlet)
  The ghost of yogakurto the Spear-Bearer, a journeyman TrFi of Ashenzari (D:12)
  The ghost of Zawski the Basher, a journeyman HuGl of the Shining One (D:12)
  2 hydras
  Harold (D:11)
  The ghost of steinardarri the Archer, a journeyman CeAM of Hepliaklqana (D:12)
  2 dancing weapons (D:14)
  3 two-headed ogres
  Sonja (D:12)
  3 skeletal warriors (D:14)
  3 unseen horrors
  A deep elf mage (D:12)
  3 ugly things
  4 cyclopes
  A manticore (D:14)
  A komodo dragon (D:10)
  An efreet (D:14)
  A freezing wraith (D:14)
  12 trolls
  6 meliai
  3 hornets
  6 hippogriffs
  11 slime creatures
  A wyvern (D:13)
  17 yaks
  A wraith (D:13)
  A shadow (D:11)
  Eustachio (D:6)
  A basilisk (D:14)
  A redback simulacrum (Gauntlet)
  A steam dragon (D:11)
  4 vampire mosquitoes
  Menkaure (D:6)
  2 hungry ghosts (D:12)
  A soldier ant (D:9)
  2 acid dragons
  A hydra simulacrum (Gauntlet)
  5 porcupines (D:11)
  A swamp drake (D:10)
  A meliai simulacrum (Gauntlet)
  A black bear (D:7)
  4 ice beasts
  3 orc warriors
  3 sky beasts
  3 necrophages
  7 ogres
  2 phantoms
  A boggart (shapeshifter) (D:14)
  5 centaurs
  2 big kobolds
  2 crocodiles (D:11)
  3 gnoll sergeants (D:8)
  10 bullfrogs
  A wyvern skeleton (D:13)
  2 scorpions
  14 killer bees
  7 wights
  3 howler monkeys
  3 electric eels (D:9)
  5 crimson imps
  5 centaur zombies
  19 hounds
  A bullfrog zombie (D:6)
  15 orc wizards
  A quasit (D:13)
  A gnoll shaman (D:8)
  5 orc priests
  4 jellies
  5 centaur skeletons
  5 bullfrog skeletons
  5 iguanas
  Ijyb (D:3)
  16 worker ants
  2 human simulacra (D:13)
  4 mummies (Ossuary)
  A howler monkey zombie (D:8)
  22 gnolls
  10 adders
  4 shadow imps
  An ooze (D:2)
  An adder skeleton (D:6)
  An adder zombie (D:8)
  4 worms
  A dart slug (D:1)
  6 leopard geckos
  37 orcs
  A ball python (D:3)
  9 bats
  5 giant cockroaches
  3 gnoll zombies (Ossuary)
  11 goblins
  17 hobgoblins
  8 jackals
  23 kobolds
  7 quokkas
  4 frilled lizards
  2 gnoll skeletons (Ossuary)
  6 goblin skeletons (Ossuary)
  5 goblin zombies (Ossuary)
  2 hobgoblin skeletons (Ossuary)
  5 hobgoblin zombies (Ossuary)
  4 kobold skeletons (Ossuary)
  3 kobold zombies (Ossuary)
  A leopard gecko zombie (D:8)
  3 orc skeletons (Ossuary)
  5 orc zombies (Ossuary)
  A quokka skeleton (D:6)
  7 rats
  5 rat skeletons (Ossuary)
  4 rat zombies (Ossuary)
  A plant (D:11)
512 creatures vanquished.

Vanquished Creatures (others)
  A goblin skeleton (Ossuary)
  A hobgoblin skeleton (Ossuary)
  A kobold skeleton (Ossuary)
  20 fungi (D:11)
  9 plants (D:11)
  2 withered plants (D:12)
34 creatures vanquished.

Grand Total: 546 creatures vanquished

Notes
Turn   | Place    | Note
-------+----------+-------------------------------------------
     0 | D:1      | Glamhuggeren the Demonspawn Gladiator began the quest for
                  | the Orb.
     0 | D:1      | Reached XP level 1. HP: 16/16 MP: 1/1
   165 | D:1      | Gained mutation: You are partially covered in sharp spines.
                  | [demonic ancestry]
   165 | D:1      | Reached XP level 2. HP: 22/22 MP: 2/2
   494 | D:1      | Gained mutation: Your flesh is cold resistant. (rC+)
                  | [demonic ancestry]
   494 | D:1      | Reached XP level 3. HP: 23/28 MP: 3/3
  1348 | D:2      | Reached XP level 4. HP: 21/35 MP: 4/4
  2127 | D:2      | Found a sacrificial altar of Ru.
  2160 | D:2      | Found a hazy altar of Hepliaklqana.
  2496 | D:3      | Found a shadowy altar of Dithmenos.
  2703 | D:3      | Reached skill level 1 in Maces & Flails
  3121 | D:3      | Reached XP level 5. HP: 40/42 MP: 5/5
  3229 | D:4      | Found Muolixen's Book Emporium.
  3427 | D:4      | Gained mutation: You have sharp toenails. [demonic
                  | ancestry]
  3427 | D:4      | Reached XP level 6. HP: 39/48 MP: 3/6
  3467 | D:4      | Found a basalt altar of Yredelemnul.
  3483 | D:4      | Noticed Ijyb
  3534 | D:3      | Killed Ijyb
  3843 | D:4      | Found a glowing silver altar of Zin.
  3853 | D:5      | Entered Level 5 of the Dungeon
  3863 | D:5      | Gained mutation: You are immune to freezing clouds.
                  | [demonic ancestry]
  3863 | D:5      | Reached XP level 7. HP: 49/54 MP: 5/7
  3968 | D:5      | Found a radiant altar of Vehumet.
  3980 | D:5      | Reached skill level 5 in Maces & Flails
  4426 | D:6      | Found a sand-covered staircase.
  4432 | Ossuary  | Entered an ossuary
  4668 | Ossuary  | Reached XP level 8. HP: 52/60 MP: 5/8
  4818 | D:6      | Found a sparkling altar of Nemelex Xobeh.
  4830 | D:6      | Found a blossoming altar of Fedhas.
  4833 | D:6      | Found a snail-covered altar of Cheibriados.
  4862 | D:6      | Found a stormy altar of Qazlal.
  4942 | D:6      | Found a staircase to the Ecumenical Temple.
  5011 | Temple   | Entered the Ecumenical Temple
  5043 | Temple   | Became a worshipper of Warmaster Okawaru
  5236 | D:6      | Found a glowing golden altar of the Shining One.
  5243 | D:6      | Noticed Menkaure
  5254 | D:6      | Killed Menkaure
  5442 | D:6      | Found a white marble altar of Elyvilon.
  5533 | D:6      | Noticed Eustachio
  5553 | D:6      | Killed Eustachio
  5553 | D:6      | Reached * piety under Okawaru
  5733 | D:6      | Gained mutation: You are partially covered in iridescent
                  | scales. (AC +2) [demonic ancestry]
  5733 | D:6      | Reached XP level 9. HP: 55/65 MP: 9/12
  6080 | D:7      | Reached skill level 5 in Invocations
  6100 | D:7      | Reached ** piety under Okawaru
  7034 | D:8      | Found a bloodstained altar of Trog.
  7074 | D:8      | Noticed Gastronok
  7305 | D:8      | Killed Gastronok
  7305 | D:8      | Reached *** piety under Okawaru
  7305 | D:8      | Reached skill level 10 in Maces & Flails
  7305 | D:8      | Gained mutation: You are mostly covered in iridescent
                  | scales. (AC +4) [demonic ancestry]
  7305 | D:8      | Reached XP level 10. HP: 52/71 MP: 1/13
  7409 | D:8      | Found Gozag's Platinum Reserve.
  7417 | D:8      | Found an opulent altar of Gozag.
  7970 | D:8      | Reached **** piety under Okawaru
  9074 | D:9      | Reached skill level 1 in Armour
  9116 | D:9      | Reached ***** piety under Okawaru
  9122 | D:9      | Reached XP level 11. HP: 29/77 MP: 0/14
  9132 | D:9      | Reached skill level 10 in Polearms
  9407 | D:9      | Found a blossoming altar of Fedhas.
  9978 | D:9      | Received a gift from Okawaru
  9979 | D:9      | Got a dazzling longbow {god gift}
  9985 | D:9      | Identified the +6 longbow "Inoschiv" {velocity, Int+4}
                  | (Okawaru gifted it to you on level 9 of the Dungeon)
 10067 | D:9      | Gained mutation: You passively map a small area around you.
                  | [potion of mutation]
 10067 | D:9      | Gained mutation: You have razor-sharp toenails. [potion of
                  | mutation]
 10067 | D:9      | Gained mutation: You are somewhat resistant to further
                  | mutation. [potion of mutation]
 10300 | D:9      | Got an ivory lajatang
 10301 | D:9      | Identified the +12 lajatang of the Vestibule of Hell {vamp,
                  | rF+ Dex+10} (You found it on level 9 of the Dungeon)
 10398 | D:9      | Got a pitted falchion
 10399 | D:9      | Identified the cursed +0 falchion "Doank" {freeze, rC- MR++
                  | Str+9 Int-2} (You found it on level 9 of the Dungeon)
 10427 | D:9      | Reached skill level 1 in Staves
 10460 | D:9      | Found a burning altar of Makhleb.
 10597 | D:10     | Entered Level 10 of the Dungeon
 10625 | D:10     | Reached skill level 2 in Staves
 10669 | D:10     | Killed an unseen horror
 10669 | D:10     | Reached skill level 3 in Staves
 10701 | D:10     | Killed an unseen horror
 10701 | D:10     | Reached skill level 4 in Staves
 10852 | D:10     | Found a staircase to the Orcish Mines.
 10866 | D:10     | Reached skill level 5 in Armour
 10994 | D:10     | Found Weqoitum's Food Shop.
 11234 | D:10     | Reached skill level 5 in Staves
 11356 | D:11     | Found a staircase to the Lair.
 11368 | D:11     | Reached skill level 6 in Staves
 11388 | D:11     | Reached ****** piety under Okawaru
 11488 | D:11     | Received a gift from Okawaru
 11489 | D:11     | Got a warped robe {god gift}
 11500 | D:11     | Identified the +1 robe of the Sun {Str+2} (Okawaru gifted
                  | it to you on level 11 of the Dungeon)
 11535 | D:11     | Noticed Harold
 11540 | D:11     | Noticed a brown ugly thing
 11544 | D:11     | Noticed a green ugly thing
 11547 | D:11     | Killed Harold
 11547 | D:11     | Reached skill level 7 in Staves
 11555 | D:11     | Killed a green ugly thing
 11555 | D:11     | Mutation became permanent: You have sharp toenails.
                  | [demonic ancestry]
 11555 | D:11     | Gained mutation: You have razor-sharp toenails. [demonic
                  | ancestry]
 11555 | D:11     | Reached XP level 12. HP: 83/83 MP: 6/15
 11580 | D:11     | Reached skill level 8 in Staves
 11616 | D:11     | HP: 4/83 [orc priest/divine providence (8)]
 12236 | D:11     | You fall through a shaft!
 12236 | D:12     | Found a gate leading to a gauntlet.
 12236 | D:12     | Noticed Sonja
 12247 | D:12     | Killed Sonja
 12335 | Gauntlet | Entered a Gauntlet
 12335 | Gauntlet | Found a transporter.
 12372 | Gauntlet | Found a transporter.
 12390 | Gauntlet | Found a transporter.
 12392 | Gauntlet | Found a transporter.
 12410 | Gauntlet | Found a transporter.
 12423 | Gauntlet | Found a transporter.
 12432 | Gauntlet | Found a large runed translucent door.
 12433 | Gauntlet | Found a large runed translucent door.
 12433 | Gauntlet | Noticed an eight-headed hydra
 12434 | Gauntlet | Found a large runed translucent door.
 12435 | Gauntlet | Found a runed translucent gate.
 12436 | Gauntlet | Found a transporter.
 12436 | Gauntlet | Found a runed translucent gate.
 12437 | Gauntlet | Found a runed translucent gate.
 12439 | Gauntlet | Found a large runed translucent door.
 12440 | Gauntlet | Found a large runed translucent door.
 12450 | Gauntlet | Found a large runed translucent door.
 12451 | Gauntlet | Found a large runed translucent door.
 12452 | Gauntlet | Found a large runed translucent door.
 12452 | Gauntlet | Found a large runed translucent door.
 12452 | Gauntlet | Found a runed translucent door.
 12452 | Gauntlet | Found a runed translucent door.
 12453 | Gauntlet | Found a large runed translucent door.
 12454 | Gauntlet | Found a large runed translucent door.
 12456 | Gauntlet | Found a transporter.
 12460 | Gauntlet | Found a transporter.
 12468 | Gauntlet | Found a transporter.
 12477 | Gauntlet | Noticed a great orb of eyes
 12491 | Gauntlet | Found a transporter.
 12495 | Gauntlet | Found a transporter.
 12496 | Gauntlet | Found a large runed translucent door.
 12497 | Gauntlet | Found a large runed translucent door.
 12498 | Gauntlet | Found a large runed translucent door.
 12498 | Gauntlet | Found a large runed translucent door.
 12499 | Gauntlet | Found a large runed translucent door.
 12529 | Gauntlet | Found a runed translucent door.
 12632 | Gauntlet | Reached skill level 9 in Staves
 12656 | Gauntlet | Identified the Catalogue of Unholy Transformation
 12717 | Gauntlet | Noticed a minotaur
 12726 | Gauntlet | Killed a minotaur
 12726 | Gauntlet | Reached skill level 1 in Bows
 13010 | D:12     | Found a runed translucent gate.
 13031 | D:12     | Found a runed translucent gate.
 13031 | D:12     | Found a runed translucent gate.
 13031 | D:12     | Noticed yogakurto's ghost (journeyman TrFi)
 13032 | D:12     | Noticed steinardarri's ghost (journeyman CeAM)
 13032 | D:12     | Noticed Zawski's ghost (journeyman HuGl)
 13214 | D:12     | Killed Zawski's ghost
 13214 | D:12     | Reached skill level 10 in Staves
 13221 | D:12     | Killed yogakurto's ghost
 13221 | D:12     | Received a gift from Okawaru
 13222 | D:12     | Found the +7 great mace "Firestarter" {inner flame, rF++}
 13227 | D:12     | Killed steinardarri's ghost
 13249 | D:12     | Got a brightly glowing buckler
 13250 | D:12     | Identified the +0 buckler "Mutaileh" {+Inv Regen+ Dex+4}
                  | (You found it on level 12 of the Dungeon)
 13397 | D:13     | Noticed a two-headed ogre
 13411 | D:12     | Killed a two-headed ogre
 13461 | D:13     | Noticed a two-headed ogre
 13468 | D:13     | Killed a two-headed ogre
 13468 | D:13     | Reached XP level 13. HP: 88/88 MP: 15/19
 13476 | D:13     | Lost mutation: You passively map a small area around you.
                  | [potion of mutation]
 13476 | D:13     | Gained mutation: You have a pair of small horns on your
                  | head. [potion of mutation]
 13477 | D:13     | Lost mutation: You have a pair of small horns on your head.
                  | [potion of mutation]
 13477 | D:13     | Lost mutation: You are somewhat resistant to further
                  | mutation. [potion of mutation]
 13477 | D:13     | Gained mutation: You possess an exceptional clarity of
                  | mind. [potion of mutation]
 13477 | D:13     | Gained mutation: Your flesh is heat resistant. (rF+)
                  | [potion of mutation]
 13477 | D:13     | Gained mutation: Your mind is acute. (Int +2) [potion of
                  | mutation]
 13535 | D:13     | Reached skill level 11 in Staves
 13584 | D:13     | Identified a scroll of acquirement
 13749 | D:13     | Reached skill level 5 in Bows
 13753 | D:13     | Received a gift from Okawaru
 13770 | D:13     | Got a faintly glowing cloak
 13777 | D:13     | Identified the +1 cloak of Nangohu {Str+3 Dex+3} (You found
                  | it on level 13 of the Dungeon)
 14121 | D:13     | Received a gift from Okawaru
 14122 | D:13     | Got a pair of warped gloves {god gift}
 14133 | D:13     | Identified the +2 pair of gloves "Ehyep" {*Drain +Fly rPois
                  | Str+3} (Okawaru gifted it to you on level 13 of the
                  | Dungeon)
 14206 | D:13     | Reached skill level 5 in Fighting
 14873 | D:14     | Found a gate to the Vaults.
 14981 | D:14     | Slain by a skeletal warrior

Skill      XL: |  1  2  3  4  5  6  7  8  9 10 11 12 13 |
---------------+----------------------------------------+-----
Throwing       | 2 |  2.0
Dodging        | 3 |  3.0
Polearms       | 3 6 9 10 | 10.3
Fighting       | 3 4 6 |  6.5
Maces & Flails | 1 3 4 7 9 10 | 10.7
Invocations    | 4 5 8 |  8.0
Armour         | 2 5 |  5.0
Staves         | 7 10 11 | 11.0
Bows           | 3 8 |  8.0

Action                   |  1- 3 |  4- 6 |  7- 9 | 10-12 | 13-15 || total
-------------------------+-------+-------+-------+-------+-------++-------
Melee: Trident           |   121 |    43 |    44 |   266 |       ||   474
       Flail             |       |    86 |   300 |       |       ||   386
       Unarmed           |       |    19 |       |       |       ||    19
       Kick              |       |     9 |   103 |   214 |    82 ||   408
       Lajatang          |       |       |       |   282 |   177 ||   459
Throw: Throwing net      |     1 |     2 |     4 |       |       ||     7
       Tomahawk          |       |       |       |    23 |       ||    23
       Javelin           |       |       |       |       |     5 ||     5
Invok: Heroism           |       |       |     1 |    10 |     4 ||    15
       Finesse           |       |       |       |     2 |     2 ||     4
  Use: Scroll            |       |     3 |    10 |     7 |    11 ||    31
       Potion            |       |       |     5 |    15 |     2 ||    22
 Stab: Sleeping          |     1 |     1 |     2 |     1 |       ||     5
       Held in net/web   |       |     1 |     3 |       |       ||     4
  Eat: Chunk             |     2 |     7 |    12 |    14 |     5 ||    40
       Ration            |       |       |       |     3 |       ||     3
Armor: Leather armour    |    23 |    28 |    60 |    52 |       ||   163
       Ring mail         |       |       |       |    57 |       ||    57
       Scale mail        |       |       |       |    43 |    35 ||    78
       Acid dragon scale |       |       |       |       |    27 ||    27
Dodge: Dodged            |    62 |    84 |   158 |   248 |    84 ||   636
Block: Shield            |       |       |     7 |    78 |       ||    85
